 Dungeon Crawl Stone Soup version 0.30.1-10-g1249ef9ec4 (webtiles) character file.

Game seed: 18205404682396129763

3250 lonewolfV2 the Protected (level 9, -2/63 HPs)
             Began as a Demonspawn Fighter on Oct 26, 2023.
             Was a Believer of Qazlal.
             Slain by a basilisk (8 damage)
             ... on level 8 of the Dungeon.
             The game lasted 00:08:07 (5311 turns).

lonewolfV2 the Protected (Demonspawn Fighter)       Turns: 5311, Time: 00:08:08

Health: -2/63      AC: 12    Str: 22    XL:     9   Next: 67%
Magic:  15/15      EV: 12    Int:  9    God:    Qazlal [**....]
Gold:   275        SH:  2    Dex: 16    Spells: 8/8 levels left

rFire   x . .        a - +1 war axe
rCold   . . .        (no shield)
rNeg    . . .        s - +0 chain mail of Geutaasch {rPois rF- Dex+4}
rPois   +            (no helmet)
rElec   .            (no cloak)
rCorr   .            (no gloves)
SInv    .            (no boots)
Will    .....        i - amulet of regeneration Stlth
                     (no ring)
HPRegen 1.10/turn    (no ring)
MPRegen 0.14/turn

%: no passive effects
@: mighty
A: slimy green scales 1, spiny 2, demonic touch 2
a: Renounce Religion, Upheaval


You were on level 8 of the Dungeon.
You worshipped Qazlal.
Qazlal was pleased with you.
You visited 2 branches of the dungeon, and saw 9 of its levels.
You also visited: Sewer.

You collected 455 gold pieces.
You spent 180 gold pieces at shops.

Inventory:

Hand Weapons
 a - a +1 war axe (weapon)
Missiles
 e - 2 throwing nets (quivered)
Armour
 b - a +0 scale mail
 c - a +0 buckler
 s - the +0 chain mail of Geutaasch (worn) {rPois rF- Dex+4}
   (You bought it in a shop on level 5 of the Dungeon)

   Dex:       It affects your dexterity (+4).
   rF:        It makes you vulnerable to fire.
   rPois:     It protects you from poison.
Jewellery
 h - an amulet of reflection
 i - an amulet of regeneration (around neck)
Wands
 g - a wand of iceblast (25)
Scrolls
 j - 2 scrolls of teleportation
 l - a scroll of noise
 o - a scroll of enchant weapon
 u - a scroll of identify
 w - a scroll of amnesia
 y - a scroll of magic mapping
Potions
 d - 3 potions of might
 f - a potion of lignification
 k - 2 potions of attraction
 m - a potion of ambrosia
 n - 4 potions of heal wounds
 p - 3 potions of haste
 q - a potion of berserk rage {unknown}
 r - a potion of curing {unknown}
 t - a potion of mutation {unknown}
 v - a potion of cancellation {unknown}


   Skills:
 - Level 3.0 Fighting
 - Level 1.7 Axes
 + Level 8.2 Armour
 + Level 8.1 Dodging
 - Level 2.6 Shields
 + Level 8.0 Invocations


You had 8 spell levels left.
You didn't know any spells.
Your spell library contained the following spells:

 Spells                   Type           Power      Damage    Failure   Level
 Beastly Appendage        Tmut           0%         N/A       91%         1
 Kiss of Death            Conj/Necr      0%         2d5       91%         1
 Cigotuvi's Dreadful Rot  Necr/Pois/Air  0%         N/A       97%         2
 Poisonous Vapours        Pois/Air       0%         N/A       97%         2
 Wereblood                Tmut           0%         N/A       97%         2
 Confusing Touch          Hex            0%         N/A       99%         3
 Dazzling Flash           Conj/Hex       0%         N/A       99%         3
 Ignite Poison            Fire/Tmut/Pois 0%         N/A       99%         3
 Mephitic Cloud           Conj/Pois/Air  0%         N/A       99%         3
 Spider Form              Tmut/Pois      0%         N/A       99%         3
 Volatile Blastmotes      Fire/Tloc      0%         2d10      99%         3
 Dispel Undead            Necr           0%         3d6       100%        4
 Fulminant Prism          Conj/Hex       0%         3d5       100%        4
 Iskenderun's Mystic Bla  Conj/Tloc      0%         2d3       100%        4
 Freezing Cloud           Conj/Ice/Air   0%         6-21      100%        5
 Lee's Rapid Deconstruct  Erth           0%         3d4*      100%        5
 Simulacrum               Ice/Necr       0%         N/A       100%        6
 Starburst                Conj/Fire      0%         6d3       100%        6
 Ozocubu's Refrigeration  Ice            0%         4d7       100%        7
 Polar Vortex             Ice            0%         N/A       100%        9


Dungeon Overview and Level Annotations

Branches:
Dungeon (8/15)             Temple (1/1) D:4            Lair (0/5) D:8
  Sewer (visited)

Altars:
Dithmenos
Gozag
Hepliaklqana
Makhleb
Nemelex Xobeh
Qazlal
Vehumet

Shops:
D:5 *[*   D:7 *?(   D:8 (


Innate Abilities, Weirdness & Mutations

You are partially covered in slimy green scales. (AC +2)
You are mostly covered in sharp spines.
Your touch may inflict irresistible damage on your foes.


Message History

You slash the basilisk!
The basilisk is heavily wounded.
The basilisk bites you! The basilisk is struck by your spines.
The basilisk bites you!
Unknown command.
You slash the basilisk!
The basilisk is almost dead.
The basilisk bites you.
You slice the basilisk!!
You kill the basilisk!
Qazlal accepts your kill. The basilisk gazes at you.
You are slowing down.
Your Invocations skill increases to level 8!
The basilisk bites you but does no damage.
The basilisk gazes at you.
Your limbs have turned to stone.
You have turned to stone.
The basilisk bites you but does no damage.
The basilisk gazes at you.
The basilisk bites you but does no damage.
The basilisk bites you! The basilisk bites you! The basilisk bites you.
The basilisk is struck by your spines. The basilisk bites you!
* * * LOW HITPOINT WARNING * * *
The basilisk bites you but does no damage.
The basilisk is struck by your spines. The basilisk bites you!
* * * LOW HITPOINT WARNING * * *
You turn to flesh and can move again.
Items here: ( ))))))) [[[ ††††.
You hit the basilisk.
You touch the basilisk!
The basilisk is moderately wounded.
The basilisk bites you!
* * * LOW HITPOINT WARNING * * *
You closely miss the basilisk.
You touch the basilisk!
The basilisk is severely wounded.
You hear the faint creaking of a distant portcullis.
The basilisk gazes at you. You resist with some effort. The basilisk bites you!
You die...

. .## ..
#.# .!P
##.# l..Y
#..#
....l#..#
>.......###
.....##)..#
... #l.## .
##@## ##>##
#..# ##..#
#..## ##.#
#..# #..#
#..##


You could see a basilisk.

Vanquished Creatures
  An elephant (D:8)
  Sigmund (D:3)
  A wyvern (D:8)
  A basilisk (D:8)
  An orc warrior (D:8)
  An ice beast (D:5)
  A black bear (D:6)
  Pargi (Sewer)
  4 ogres
  2 phantoms (D:5)
  A kobold brigand (D:8)
  A bullfrog (D:4)
  A scorpion (D:5)
  4 killer bees (D:7)
  4 howler monkeys
  3 hounds
  Crazy Yiuf (D:7)
  4 orc priests
  A jelly (D:6)
  5 iguanas
  6 sleepcaps
  4 orc wizards
  12 gnolls
  12 adders
  A river rat (D:3)
  A white imp (D:7)
  4 worms
  4 dart slugs
  17 orcs
  5 giant cockroaches
  6 goblins
  5 hobgoblins
  8 jackals
  18 kobolds
  4 quokkas
  8 ball pythons
  7 bats
  3 frilled lizards
  5 rats
169 creatures vanquished.

Vanquished Creatures (collateral kills)
  A sky beast (D:8)
  An orc wizard (D:8)
2 creatures vanquished.

Grand Total: 171 creatures vanquished

Notes
Turn   | Place    | Note
-------+----------+-------------------------------------------
     0 | D:1      | lonewolfV2 the Demonspawn Fighter began the quest for the
                  | Orb.
     0 | D:1      | Reached XP level 1. HP: 18/18 MP: 1/1
   190 | D:1      | Reached skill level 1 in Dodging
   227 | D:1      | Gained mutation: You are partially covered in sharp spines.
                  | [demonic ancestry]
   227 | D:1      | Reached XP level 2. HP: 24/24 MP: 2/2
   623 | D:1      | Found a faded altar of an unknown god.
   684 | D:1      | Reached XP level 3. HP: 29/29 MP: 3/3
   920 | D:2      | Gained mutation: You are partially covered in slimy green
                  | scales. (AC +2) [demonic ancestry]
   920 | D:2      | Reached XP level 4. HP: 23/35 MP: 4/4
  1383 | D:2      | Gained mutation: You are mostly covered in sharp spines.
                  | [demonic ancestry]
  1383 | D:2      | Reached XP level 5. HP: 35/41 MP: 5/5
  2036 | D:3      | Found an opulent altar of Gozag.
  2126 | D:3      | Noticed Sigmund
  2138 | D:3      | Killed Sigmund
  2139 | D:3      | Gained mutation: Your touch may inflict minor irresistible
                  | damage on your foes. [demonic ancestry]
  2139 | D:3      | Reached XP level 6. HP: 19/47 MP: 6/6
  2237 | D:3      | Found a glowing drain.
  2245 | Sewer    | Entered a sewer
  2374 | Sewer    | Noticed Pargi
  2382 | Sewer    | Killed Pargi
  2383 | Sewer    | Reached skill level 5 in Dodging
  2810 | D:4      | Reached XP level 7. HP: 41/52 MP: 7/7
  2865 | D:4      | Found a staircase to the Ecumenical Temple.
  2906 | Temple   | Entered the Ecumenical Temple
  2949 | Temple   | Became a worshipper of Qazlal Stormbringer
  3011 | D:4      | Reached skill level 5 in Armour
  3011 | D:4      | Reached skill level 1 in Invocations
  3547 | D:5      | Entered Level 5 of the Dungeon
  3557 | D:5      | Found Ogeetao's Antique Armour Shop.
  3558 | D:5      | Found Reenn's Assorted Antiques.
  3581 | D:5      | Gained mutation: Your touch may inflict irresistible damage
                  | on your foes. [demonic ancestry]
  3581 | D:5      | Reached XP level 8. HP: 58/58 MP: 8/10
  3627 | D:5      | Bought a heavily runed chain mail for 180 gold pieces
  3627 | D:5      | Identified the +0 chain mail of Geutaasch {rPois rF- Dex+4}
                  | (You bought it in a shop on level 5 of the Dungeon)
  3758 | D:5      | Found Kecseul's General Store.
  3767 | D:5      | Reached * piety under Qazlal
  3999 | D:5      | Found a radiant altar of Vehumet.
  4110 | D:6      | Reached skill level 5 in Invocations
  4147 | D:6      | Found a shadowy altar of Dithmenos.
  4516 | D:7      | Found Fuejudon's Antique Weapon Emporium.
  4518 | D:7      | Found Rytsyups's Magic Scroll Emporium.
  4605 | D:7      | Reached XP level 9. HP: 63/63 MP: 13/13
  4828 | D:7      | Found a runed translucent door.
  4829 | D:7      | Noticed Crazy Yiuf
  5041 | D:7      | Found Haclym's General Store.
  5154 | D:7      | Killed Crazy Yiuf
  5228 | D:8      | Found Otui's Weapon Boutique.
  5257 | D:8      | Found a staircase to the Lair.
  5257 | D:8      | Noticed an elephant
  5271 | D:8      | Killed an elephant
  5271 | D:8      | Reached ** piety under Qazlal
  5311 | D:8      | Slain by a basilisk

Illustrated notes

Levels and vault maps discovered:
D:1:      ncdulo_halloftheorcs, layout_basic, dilly_ecumenical_altar_fadedgnrine
D:2:      layout_loops_ring
D:3:      layout_rooms, nicolae_gozag_seed_capital, portal_sewer_entry_e,
          nicolae_titane, uniq_sigmund
D:4:      layout_rooms, minmay_temple_entry_ruins, dk_noncrumbling_2,
          minmay_misc_feat_roman, dreamdust_mushroom_princess
D:5:      layout_rooms, nicolae_vehumet_altar_sigil, overflow_temple_1_default,
          serial_shops, nicolae_shop_tiny_glass, nicolae_stop_n_shop_1,
          nicolae_shop_advertising_works [nicolae_subvault_shop_adworks]
D:6:      layout_rooms, old_standard_altar
D:7:      layout_rooms, serial_shops, shop, kennysheep_mini_moat, shop,
          serial_bayou_crossing, uniq_crazy_yiuf_cottage
D:8:      layout_layer_cave, david_lair_generic, serial_shops, shop, shop, shop,
          enter_bailey_5
Temple:   dpeg_five_rooms_temple

Skill      XL: |  1  2  3  4  5  6  7  8  9 |
---------------+----------------------------+-----
Dodging        | 1 2 3 4 5 6 7 8 |  8.1
Armour         | 3 4 5 7 8 |  8.2
Invocations    | 2 5 8 |  8.0
Fighting       | |  3.0
Axes           | |  1.7
Shields        | |  2.6

Action                     |  1- 3 |  4- 6 |  7- 9 || total
---------------------------+-------+-------+-------++-------
  Melee: War axe           |    45 |   124 |   174 ||   343
         Touch             |       |       |    27 ||    27
    Use: Scroll            |     3 |     8 |     6 ||    17
         Potion            |       |       |     2 ||     2
 Armour: Scale mail        |    23 |    56 |    42 ||   121
         Chain mail        |       |       |    65 ||    65
  Dodge: Dodged            |    27 |    72 |   117 ||   216
  Block: Buckler           |    10 |    33 |    13 ||    56
         Other             |       |       |     3 ||     3
